 Dungeon Crawl Stone Soup version 0.22-a0-512-g0943f25562 (webtiles) character file.

11397 JUnderhill the Summoner (level 11, -1/74 HPs)
             Began as a Demonspawn Ice Elementalist on June 18, 2018.
             Was a High Priest of Sif Muna.
             Killed from afar by a battlesphere (10 damage)
             ... created by a deep elf mage
             ... on level 12 of the Dungeon.
             The game lasted 00:42:15 (15285 turns).

JUnderhill the Summoner (DsIE)                     Turns: 15285, Time: 00:42:16

Health: -1/74      AC: 12    Str:  8    XL:     11   Next: 48%
Magic:  23/23      EV: 13    Int: 21    God:    Sif Muna [*****.]
Gold:   202        SH:  0    Dex: 22    Spells: 9/26 levels left

rFire    + . .     SeeInvis .   G - +5 mace of Demand {flame, Dex+6}
rCold    + . .     Gourm    .   (no shield)
rNeg     + + .     Faith    .   w - +2 robe of Cuptaezyt {rC+ rN++}
rPois    .         Spirit   .   (helmet unavailable)
rElec    .         Reflect  .   g - +0 cloak
rCorr    .         Harm     .   (no gloves)
MR       .....                  b - +0 pair of boots (curse)
Stlth    +++.......             j - amulet of magic regeneration
HPRegen  0.22/turn              D - ring of wizardry
MPRegen  0.43/turn              B - ring "Kaomouk" {Dex+3 Stlth+}

@: divine energy
A: horns 3, iridescent scales 3, fire resistance 1, powered by pain 1, robust 1
a: Stop Divine Energy, Channel Magic, Forget Spell, Renounce Religion


You were on level 12 of the Dungeon.
You worshipped Sif Muna.
Sif Muna was extremely pleased with you.
You were hungry.

You visited 2 branches of the dungeon, and saw 13 of its levels.

You collected 737 gold pieces.
You spent 535 gold pieces at shops.

Inventory:

Hand Weapons
 p - the +2 mace "Nuupebb" {pain, Dex+3}
   (You took it off an orc on level 8 of the Dungeon)

   In the hands of one skilled in necromantic magic, it inflicts extra damage on
   living creatures.
   It affects your dexterity (+3).
 G - the +5 mace of Demand (weapon) {flame, Dex+6}
   (You found it on level 8 of the Dungeon)

   It has been specially enchanted to burn those struck by it, causing extra
   injury to most foes and up to half again as much damage against particularly
   susceptible opponents.
   It affects your dexterity (+6).
Armour
 b - a cursed +0 pair of boots (worn)
 g - a +0 cloak (worn)
 w - the +2 robe of Cuptaezyt (worn) {rC+ rN++}
   (You found it on level 4 of the Dungeon)

   It protects you from cold.
   It greatly protects you from negative energy.
 N - +0 acid dragon scales
Jewellery
 j - an amulet of magic regeneration (around neck)
 m - an uncursed ring of teleportation
 u - an uncursed ring of flight
 B - the ring "Kaomouk" (right hand) {Dex+3 Stlth+}
   (You bought it in a shop on level 10 of the Dungeon)

   [ring of stealth]

   It affects your dexterity (+3).
   It makes you more stealthy.
 D - a ring of wizardry (left hand)
 H - an uncursed ring of positive energy
Wands
 d - a wand of paralysis (3)
 f - a wand of flame (24)
 q - a wand of scattershot (4)
 z - a wand of clouds (4)
 A - a wand of digging (10)
 C - a wand of iceblast (10)
 E - a wand of random effects (24)
 J - a wand of disintegration (12)
 K - a wand of acid (1)
Scrolls
 a - 7 scrolls of identify
 e - 8 scrolls of remove curse
 k - 3 scrolls of amnesia
 l - 2 scrolls of magic mapping
 n - 4 scrolls of enchant armour
 o - 4 scrolls of immolation
 r - 5 scrolls of teleportation
 s - 2 scrolls of enchant weapon
 t - a scroll of blinking
 y - 3 scrolls of vulnerability
 F - a scroll of fear {unknown}
 I - a scroll of torment {unknown}
Potions
 h - a potion of resistance
 i - a potion of haste
 v - 2 potions of cancellation
 x - a potion of curing
 L - 2 potions of might {unknown}
Comestibles
 c - 13 rations


   Skills:
 - Level 1.7 Dodging
 - Level 1.7 Stealth
 + Level 8.4 Spellcasting
 * Level 7.2 Conjurations
 - Level 4.1 Charms
 - Level 9.7 Summonings
 * Level 9.3 Ice Magic


You had 9 spell levels left.
You knew the following spells:

 Your Spells              Type           Power        Failure   Level  Hunger
a - Freeze                Ice            ####         1%          1    None
b - Throw Frost           Conj/Ice       #####.       1%          2    None
c - Ozocubu's Armour      Chrm/Ice       #####...     1%          3    None
d - Throw Icicle          Conj/Ice       #####...     1%          4    ###....
e - Summon Ice Beast      Ice/Summ       #####...     1%          4    ###....
f - Regeneration          Chrm/Necr      ###.......   4%          3    None

Your spell library contained the following spells:

 Spells                   Type           Power        Failure   Level  Hunger
 Summon Small Mammal      Summ           ####         1%          1    None
 Animate Dead             Necr           N/A          28%         4    ###....
 Pain                     Necr           #...         3%          1    None
 Animate Skeleton         Necr           N/A          3%          1    None
 Vampiric Draining        Necr           #.........   9%          3    None
 Call Imp                 Summ           #####...     1%          2    None
 Call Canine Familiar     Summ           #####...     1%          3    None
 Summon Lightning Spire   Summ/Air       ####....     4%          4    ###....
 Summon Guardian Golem    Hex/Summ       ####....     1%          3    None


Dungeon Overview and Level Annotations

Branches:
Dungeon (12/15)            Temple (1/1) D:4             Orc (0/2) D:9
   Lair: D:8-11

Altars:
Ashenzari
Cheibriados
Dithmenos
Elyvilon
Fedhas
Gozag
Hepliaklqana
Kikubaaqudgha
Makhleb
Nemelex Xobeh
Okawaru
Qazlal
Ru
Sif Muna
Trog
Uskayaw
Vehumet
Wu Jian
Xom
Yredelemnul
Zin
The Shining One

Shops:
D:5 =   D:10 *

Annotations:
D:2 Sigmund
D:7 5 runed doors


Innate Abilities, Weirdness & Mutations

You have a pair of large horns on your head.
You are completely covered in iridescent scales. (AC +6)
You sometimes gain a little power by taking damage.
Your flesh is heat resistant. (rF+)
You are robust. (+10% HP)


Message History

Casting: Throw Icicle (safe; 1% risk of failure)
Confirm with . or Enter, or press ? or * to list all spells.
A chill wind blows around you.
You are feeling hungry.
The vampire mosquito bites your ice beast!
Your ice beast dies!
Casting: Summon Ice Beast (safe; 1% risk of failure)
Confirm with . or Enter, or press ? or * to list all spells.
Aiming: Throw Frost (safe; 1% risk of failure)
Press: ? - help, Shift-Dir - straight line, f/p - vampire mosquito
Aim: a vampire mosquito The puff of frost hits the vampire mosquito.
The vampire mosquito is moderately damaged.
The deep elf mage gestures at you while chanting.
The orb of energy hits the vampire mosquito.
The orb of energy explodes!
The mystic blast hits you!
* * * LOW HITPOINT WARNING * * *
You focus on the pain.
You feel your power returning.
The battlesphere fires!
The barrage of energy hits you!
You die...

.. .# . #.††# ._.h
#. #####†## [...
###.###### #......#
....
.........####......#
...#
.........##.'......#
.#..
.........##.#......#
.....*...##.#......#
<....e†..##.#......#
.......y@Y..#......#
.%....†..###########
#.########


You could see a deep elf mage, a vampire mosquito, a battlesphere and a friendly
ice beast.

Vanquished Creatures
  3 two-headed ogres
  A slime creature (D:12)
  A gargoyle (D:10)
  A hippogriff (D:9)
  A wyvern (D:10)
  5 yaks (D:12)
  A hungry ghost (D:8)
  2 wargs (D:9)
  An acid dragon (D:12)
  A water moccasin (D:9)
  3 ice beasts
  An orc warrior (D:7)
  A phantom (D:6)
  A necrophage (D:5)
  An eye of draining (D:12)
  3 ogres (D:7)
  4 centaurs
  2 crocodiles
  3 big kobolds
  9 bullfrogs
  4 scorpions
  6 killer bees
  2 wights (D:9)
  A howler monkey (D:8)
  2 bullfrog zombies
  3 crimson imps
  2 quasits
  2 bullfrog skeletons
  3 centaur zombies
  7 hounds
  5 orc priests
  A centaur skeleton (D:7)
  2 iguanas
  6 orc wizards
  5 worker ants
  A hound skeleton (D:5)
  A hound zombie (D:5)
  6 gnolls
  15 adders
  4 shadow imps
  An adder skeleton (D:7)
  2 worms
  2 dart slugs (D:1)
  4 leopard geckos
  38 orcs
  10 bats
  8 giant cockroaches
  7 goblins
  7 hobgoblins
  9 jackals
  15 kobolds
  4 quokkas
  A frilled lizard (D:1)
  A jackal skeleton (D:4)
  A jackal zombie (D:5)
  A quokka zombie (D:8)
  8 rats
242 creatures vanquished.

Vanquished Creatures (collateral kills)
  Erica (D:10)
  An ugly thing (D:12)
  The ghost of marsu the Chopper, a novice TrWn of Ru (D:5)
  Joseph (D:8)
  The ghost of D1HalberdGnoll the Conjurer, a novice DrCj of Vehumet (D:5)
  A centaur skeleton (D:12)
  The ghost of Kueluaso the Cudgeler, a novice GrFi of Okawaru (D:5)
  A hippogriff (D:11)
  2 slime creatures (D:12)
  5 yaks (D:12)
  A hungry ghost (D:9)
  6 vampire mosquitoes (D:12)
  2 wargs (D:9)
  3 orc warriors (D:10)
  A necrophage (D:12)
  A black bear (D:8)
  3 ice beasts
  A centaur (D:10)
  A bullfrog (D:12)
  A scorpion (D:8)
  4 wights
  6 killer bees
  A crimson imp (D:9)
  An orc priest (D:8)
  3 orc wizards (D:10)
  A killer bee zombie (D:8)
  An adder (D:10)
  10 orcs
  A quokka (D:12)
63 creatures vanquished.

Vanquished Creatures (others)
  2 plants (D:10)
  A withered plant (D:5)
3 creatures vanquished.

Grand Total: 308 creatures vanquished

Notes
Turn   | Place    | Note
-------+----------+-------------------------------------------
     0 | D:1      | JUnderhill the Demonspawn Ice Elementalist began the quest for the Orb.
     0 | D:1      | Reached XP level 1. HP: 13/13 MP: 3/3
   160 | D:1      | Gained mutation: You have a pair of small horns on your head. [demonic ancestry]
   160 | D:1      | Reached XP level 2. HP: 9/19 MP: 3/5
   692 | D:1      | Gained mutation: You have a pair of horns on your head. [demonic ancestry]
   692 | D:1      | Reached XP level 3. HP: 15/24 MP: 2/6
  1116 | D:2      | Noticed Sigmund
  1169 | D:2      | Learned a level 2 spell: Throw Frost
  1176 | D:2      | Learned a level 3 spell: Ozocubu's Armour
  1472 | D:2      | Gained mutation: You have a pair of large horns on your head. [demonic ancestry]
  1472 | D:2      | Reached XP level 4. HP: 30/30 MP: 5/8
  2945 | D:3      | Gained mutation: You are partially covered in iridescent scales. (AC +2) [demonic ancestry]
  2945 | D:3      | Reached XP level 5. HP: 16/35 MP: 6/9
  3419 | D:4      | Found a staircase to the Ecumenical Temple.
  3425 | D:4      | Got a brightly glowing robe
  3436 | D:4      | Identified the +2 robe of Cuptaezyt {rC+ rN++} (You found it on level 4 of the Dungeon)
  3506 | Temple   | Entered the Ecumenical Temple
  3679 | D:4      | Reached XP level 6. HP: 38/41 MP: 3/10
  3803 | Temple   | Became a worshipper of Sif Muna the Loreminder
  3958 | D:4      | Reached skill level 5 in Conjurations
  4636 | D:5      | Entered Level 5 of the Dungeon
  4834 | D:5      | Reached * piety under Sif Muna
  4843 | D:5      | Found Bis Otia's Jewellery Emporium.
  4868 | D:5      | Found a runed gate.
  4869 | D:5      | Found a runed gate.
  4869 | D:5      | Found a runed gate.
  4970 | D:5      | Reached skill level 1 in Charms
  4970 | D:5      | Reached XP level 7. HP: 13/46 MP: 8/12
  5226 | D:5      | Learned a level 4 spell: Throw Icicle
  5873 | D:5      | Reached skill level 5 in Ice Magic
  6029 | D:5      | Noticed marsu's ghost (novice TrWn)
  6030 | D:5      | Noticed D1HalberdGnoll's ghost (novice DrCj)
  6030 | D:5      | Noticed Kueluaso's ghost (novice GrFi)
  6551 | D:6      | Reached XP level 8. HP: 28/51 MP: 5/15
  6984 | D:6      | Reached skill level 5 in Spellcasting
  7021 | D:6      | Learned a level 3 spell: Regeneration
  7053 | D:6      | Reached ** piety under Sif Muna
  7251 | D:6      | Got a bloodstained hat
  7868 | D:7      | Found the +9 staff of Olgreb {rPois}
  8067 | D:7      | Found a runed gate.
  8076 | D:7      | Found a runed door.
  8212 | D:7      | Found a runed gate.
  8212 | D:7      | Found a runed gate.
  8220 | D:7      | Found a runed door.
  8444 | D:7      | Gained mutation: You are mostly covered in iridescent scales. (AC +4) [demonic ancestry]
  8444 | D:7      | Reached XP level 9. HP: 56/56 MP: 8/18
  8492 | D:7      | Reached *** piety under Sif Muna
  9253 | D:7      | Learned a level 4 spell: Summon Ice Beast
  9311 | D:8      | Reached skill level 1 in Summonings
  9577 | D:8      | Got an ancient mace
  9578 | D:8      | Identified the +5 mace of Demand {flame, Dex+6} (You found it on level 8 of the Dungeon)
  9679 | D:8      | Got a dazzling mace {pain}
  9680 | D:8      | Identified the +2 mace "Nuupebb" {pain, Dex+3} (You took it off an orc on level 8 of the Dungeon)
  9709 | D:8      | Noticed Joseph
  9746 | D:9      | Reached **** piety under Sif Muna
  9746 | D:9      | Reached skill level 5 in Summonings
  9799 | D:9      | Gained mutation: You are completely covered in iridescent scales. (AC +6) [potion of mutation]
  9799 | D:9      | Gained mutation: You are robust. (+10% HP) [potion of mutation]
  9799 | D:9      | Gained mutation: Your flesh is heat resistant. (rF+) [potion of mutation]
  9808 | D:9      | Found a staircase to the Orcish Mines.
 10170 | D:9      | Noticed a two-headed ogre
 10185 | D:9      | Killed a two-headed ogre
 10185 | D:9      | Reached XP level 10. HP: 11/69 MP: 8/20
 10595 | D:8      | Killed Joseph
 11929 | D:9      | Found a glowing golden altar of the Shining One.
 12137 | D:10     | Entered Level 10 of the Dungeon
 12556 | D:10     | Noticed Erica
 12564 | D:10     | Noticed a two-headed ogre
 12587 | D:10     | Killed Erica
 12606 | D:10     | HP: 3/69 [two-headed ogre/giant club (18)]
 12608 | D:10     | Killed a two-headed ogre
 12608 | D:10     | Reached ***** piety under Sif Muna
 12895 | D:10     | Noticed a gargoyle
 13604 | D:10     | Killed a gargoyle
 13952 | D:10     | Found Coehav's Assorted Antiques.
 13980 | D:10     | Bought a flickering ivory ring for 115 gold pieces
 13981 | D:10     | Identified the ring "Kaomouk" {Dex+3 Stlth+} (You bought it in a shop on level 10 of the Dungeon)
 14092 | D:5      | Bought an uncursed amulet of magic regeneration for 420 gold pieces
 14131 | D:5      | Killed marsu's ghost
 14142 | D:5      | Killed D1HalberdGnoll's ghost
 14142 | D:5      | Gained mutation: You sometimes gain a little power by taking damage. [demonic ancestry]
 14142 | D:5      | Reached XP level 11. HP: 74/74 MP: 2/22
 14143 | D:5      | Killed Kueluaso's ghost
 14333 | D:11     | Noticed a two-headed ogre
 14339 | D:11     | Killed a two-headed ogre
 14400 | D:12     | Noticed a red ugly thing
 14411 | D:12     | Received a gift from Sif Muna
 14448 | D:12     | Found a shimmering altar of Xom.
 14454 | D:12     | Noticed a red ugly thing
 14469 | D:12     | Killed a red ugly thing
 15279 | D:12     | Noticed a deep elf mage
 15285 | D:12     | Killed from afar by a battlesphere

Vault maps used:
D:1:      dpeg_arrival_central, minmay_octomino_c4
D:2:      uniq_sigmund
D:3:      first_ration
D:4:      minmay_temple_entry_grid
D:5:      serial_shops, shop_coins, gammafunk_ghost_cemetery,
          nicolae_underground_beach
D:7:      minmay_the_grid_octo_tiled_squarecenter,
          minmay_guarded_unrand_staff_of_olgreb
D:8:      uniq_joseph
D:9:      tso_altar, minmay_orc_entry_guard_dogs
D:10:     serial_shops, nicolae_shop_overgrown_old_shop, uniq_erica
D:11:     minmay_diamond_stairs, grunt_lair_entry_orc_guard_hut
D:12:     basic_altar
Temple:   compressed_dpeg_circular_temple

Skill      XL: |  1  2  3  4  5  6  7  8  9 10 11 |
---------------+----------------------------------+-----
Ice Magic      | 3 4 5 6 7 9 |  9.3
Conjurations   | 2 4 5 6 7 |  7.2
Spellcasting   | 3 4 6 7 8 |  8.4
Charms         | 1 2 3 4 |  4.1
Summonings     | 7 9 |  9.7
Dodging        | |  1.7
Stealth        | |  1.7

Action                   |  1- 3 |  4- 6 |  7- 9 | 10-12 || total
-------------------------+-------+-------+-------+-------++-------
Melee: Spear             |    96 |    92 |       |       ||   188
       Unarmed           |     3 |       |       |       ||     3
       Headbutt          |     5 |    22 |    41 |    25 ||    93
       Short sword       |       |   110 |    41 |       ||   151
       Trident           |       |       |   244 |       ||   244
       Mace              |       |       |    44 |   120 ||   164
 Cast: Freeze            |    28 |    62 |    44 |    76 ||   210
       Throw Frost       |       |    11 |    23 |    14 ||    48
       Throw Icicle      |       |       |    11 |    22 ||    33
       Summon Ice Beast  |       |       |    12 |    77 ||    89
       Regeneration      |       |       |     3 |     7 ||    10
       Ozocubu's Armour  |       |       |     1 |     5 ||     6
Invok: Divine Energy     |       |       |     1 |       ||     1
Evoke: Wand              |       |       |     3 |     4 ||     7
  Use: Scroll            |       |     6 |     9 |     3 ||    18
       Potion            |       |       |     9 |     2 ||    11
 Stab: Sleeping          |     3 |     5 |     7 |     3 ||    18
       Distracted        |       |     1 |       |       ||     1
  Eat: Chunk             |     2 |    12 |     9 |    20 ||    43
       Ration            |       |       |     6 |     3 ||     9
Armor: Robe              |    33 |    71 |   116 |   165 ||   385
       Skin              |       |       |    52 |       ||    52
Dodge: Dodged            |    99 |   137 |   268 |   246 ||   750

Table legend:
 A = Spawn XP
 B = Non-spawn XP
 C = Spawn XP percentage of total XP
 D = Spawn monster count
 E = Non-spawn monster count
 F = Spawn count percentage of total count
 G = Total turns spent on level
                    A         B        C        D         E        F      G
               +---------+---------+-------+---------+---------+-------+---------
         Total |       0 |   16282 |   0.0 |       0 |     305 |   0.0 | 15285
               +---------+---------+-------+---------+---------+-------+---------
           D:1 |       0 |      56 |   0.0 |       0 |      33 |   0.0 |  1222
           D:2 |       0 |      61 |   0.0 |       0 |      15 |   0.0 |   860
           D:3 |       0 |     158 |   0.0 |       0 |      19 |   0.0 |  1320
           D:4 |       0 |     303 |   0.0 |       0 |      23 |   0.0 |   930
           D:5 |       0 |    1158 |   0.0 |       0 |      24 |   0.0 |  1686
           D:6 |       0 |     984 |   0.0 |       0 |      20 |   0.0 |  1585
           D:7 |       0 |    1526 |   0.0 |       0 |      28 |   0.0 |  1764
           D:8 |       0 |    1284 |   0.0 |       0 |      35 |   0.0 |  1121
           D:9 |       0 |    2893 |   0.0 |       0 |      33 |   0.0 |  2282
          D:10 |       0 |    2824 |   0.0 |       0 |      38 |   0.0 |  1244
          D:11 |       0 |     930 |   0.0 |       0 |       2 |   0.0 |    81
          D:12 |       0 |    4102 |   0.0 |       0 |      34 |   0.0 |   886
        Temple |       0 |       3 |   0.0 |       0 |       1 |   0.0 |   304
               +---------+---------+-------+---------+---------+-------+---------
